 Dungeon Crawl Stone Soup version 0.21.1-1-g345015f (webtiles) character file.

1 Santangelo the Magician (level 1, -1/17 HPs)
             Began as a Gnoll Wanderer on Feb 7, 2018.
             Slain by a hobgoblin
             ... wielding a +0 club
              (4 damage)
             ... on level 1 of the Dungeon.
             The game lasted 00:02:04 (36 turns).

Santangelo the Magician (Gnoll Wanderer)              Turns: 36, Time: 00:02:05

Health: -1/17      AC:  5    Str: 14    XL:     1   Next: 20%
Magic:  6/6        EV: 10    Int: 15    God:
Gold:   0          SH:  0    Dex: 13    Spells: 8/9 levels left

rFire    . . .     SeeInvis .   d - +0 club
rCold    . . .     Gourm    .   (no shield)
rNeg     . . .     Faith    .   c - +0 ring mail
rPois    .         Spirit   .   (no helmet)
rElec    .         Reflect  .   (no cloak)
rCorr    .         Harm     .   (no gloves)
MR       .....                  (no boots)
Stlth    +.........             (no amulet)
HPRegen  0.05/turn              (no ring)
MPRegen  0.10/turn              (no ring)

@: no status effects
A: distributed training, fangs 1, strong nose
a: no special abilities


You were on level 1 of the Dungeon.
You were not hungry.

You visited 1 branch of the dungeon, and saw 1 of its levels.

Inventory:

Hand Weapons
 d - a +0 club (weapon)
Armour
 c - a +0 ring mail (worn)
Books
 a - a book of Minor Magic

   Spells                             Type                      Level
   a - Magic Dart                     Conjuration                  1
   b - Blink                          Translocation                2
   c - Call Imp                       Summoning                    2
   d - Slow                           Hexes                        2
   e - Conjure Flame                  Conjuration/Fire             3
   f - Mephitic Cloud                 Conjuration/Poison/Air       3
 b - the Papyrus of the Entourage

   Spells                             Type                      Level
   a - Summon Butterflies             Summoning                    1
   b - Call Canine Familiar           Summoning                    3
Comestibles
 f - a ration
 g - a chunk of flesh


   Skills:
 + Level 2.3 Fighting
 + Level 0.0 Short Blades
 + Level 0.0 Long Blades
 + Level 0.0 Axes
 + Level 2.3 Maces & Flails
 + Level 0.0 Polearms
 + Level 0.0 Staves
 + Level 0.0 Slings
 + Level 0.0 Bows
 + Level 0.0 Crossbows
 + Level 2.3 Throwing
 + Level 2.3 Armour
 + Level 0.0 Dodging
 + Level 0.0 Stealth
 + Level 2.3 Shields
 + Level 0.0 Unarmed Combat
 + Level 4.8 Spellcasting
 + Level 0.0 Conjurations
 + Level 0.0 Hexes
 + Level 0.0 Charms
 + Level 0.0 Summonings
 + Level 0.0 Necromancy
 + Level 3.6 Translocations
 + Level 1.9 Transmutations
 + Level 0.0 Fire Magic
 + Level 0.0 Ice Magic
 + Level 0.0 Air Magic
 + Level 0.0 Earth Magic
 + Level 0.0 Poison Magic
 + Level 0.0 Invocations
 + Level 0.0 Evocations


You had 8 spell levels left.
You knew the following spells:

 Your Spells              Type           Power        Failure   Level  Hunger
z - Summon Butterflies    Summ           #.......     32%         1    None


Dungeon Overview and Level Annotations

Branches:
Dungeon (1/15)

Altars:


Innate Abilities, Weirdness & Mutations

Your experience applies equally to all skills.
You have very sharp teeth.
Your uncanny sense of smell can sniff out nearby items.


Message History

The rat bites you. The ooze hits you.
You hit the goblin.
You kill the goblin!
The rat barely misses you. The ooze misses you.
You hit the ooze but do no damage. You bite the ooze, but do no damage.
The rat twitches its whiskers.
The rat bites you. The ooze hits you.
The hobgoblin hits you but does no damage.
You hit the ooze.
The ooze is lightly wounded.
The rat bites you.
* * * LOW HITPOINT WARNING * * *
The ooze hits you.
* * * LOW HITPOINT WARNING * * *
The hobgoblin barely misses you.
You hit the ooze.
The ooze is moderately wounded.
The rat closely misses you. The ooze hits you but does no damage.
The hobgoblin hits you with a club.
You die...

............... ...
#.................
...##.................
.......b............. #
.................... #).
#..........<.......
#...##....b.b...........
#....b..gb..............
#......@J........(......
#.....##r...............
#.....##................
#..........##..........#
#..........##....##....#
###..............##.....
##....................
#......รท.......######
################


You could see an ooze, a hobgoblin and a rat.

Vanquished Creatures
  A bat (D:1)
  A goblin (D:1)
2 creatures vanquished.

Notes
Turn   | Place    | Note
-------+----------+-------------------------------------------
     0 | D:1      | Santangelo the Gnoll Wanderer began the quest for the Orb.
     0 | D:1      | Santangelo set off with: a book of Minor Magic, the Papyrus of the Entourage, a +0 ring mail, a +0 club, a ration
     0 | D:1      | Reached XP level 1. HP: 17/17 MP: 6/6
     3 | D:1      | Learned a level 1 spell: Summon Butterflies
    36 | D:1      | Slain by a hobgoblin

Action                   || total
-------------------------++-------
Melee: Club              ||     6
       Bite              ||     1
 Cast: Summon Butterflie ||     1
Armor: Ring mail         ||     5
Dodge: Dodged            ||     7
